 Dungeon Sprint DCSS version 0.31-a0-523-g071a6c1ffa (webtiles) character file.

Game seed: 9501972939276193022

10288 Midn8 the Imperceptible (level 11, -12/66 HPs)
             Began as a Vine Stalker Brigand on Aug 12, 2023.
             Was a High Priest of Dithmenos.
             Mangled by a ghost moth (14 damage)
             ... in the Dungeon (Sprint IV: "Fedhas' Mad Dash").
             The game lasted 00:10:11 (1155 turns).

Midn8 the Imperceptible (Vine Stalker Brigand)      Turns: 1155, Time: 00:10:12

Health: -12/66     AC:  4    Str: 16 (17) XL:     11   Next: 59%
Magic:  0/19       EV: 11    Int:  9 (11) God:    Dithmenos [*****.]
Gold:   49         SH:  0    Dex: 20      Spells: 10/10 levels left

rFire   . . .        i - +8 short sword of Weless {freeze, Str+3}
rCold   . . .        (no shield)
rNeg    . . .        b - +0 robe
rPois   .            (no helmet)
rElec   .            c - +0 cloak
rCorr   .            q - +0 pair of gloves
SInv    .            (no boots)
Will    +....        l - amulet of invisibility {+Inv} Stlth *****+++++
                     k - ring of wizardry
HPRegen 1.11/turn    (no ring)
MPRegen 0.16/turn

%: no teleportation, guardian spirit, wizardry (x1)
@: very slightly contaminated, hasted, wreathed by umbra, studying Short Blades,
invisible, very quick
A: fangs 3, regeneration 1, magic shield, antimagic bite, no potion heal 2
a: Renounce Religion, Evoke Invisibility, Shadow Step, Shadow Form


You were in the Dungeon.
You worshipped Dithmenos.
Dithmenos was extremely pleased with you.
You visited 1 branch You collected 261 gold pieces.
You spent 212 gold pieces at shops.

Inventory:

Hand Weapons
 a - a +2 dagger
 i - the +8 short sword of Weless (weapon) {freeze, Str+3}
   (You found it in the Dungeon)

   Str+3:     It affects your strength (+3).
 o - a +0 dagger of venom
Missiles
 d - 9 poisoned darts
 e - 12 curare-tipped darts (quivered)
Armour
 b - a +0 robe (worn)
 c - a +0 cloak (worn)
 q - a +0 pair of gloves (worn)
Jewellery
 k - a ring of wizardry (left hand)
 l - the amulet of invisibility (around neck) {+Inv}
   (You found it in the Dungeon)

   [amulet of nothing]

   +Inv:      It lets you turn invisible.
Wands
 r - a wand of flame (14)
Scrolls
 j - 2 scrolls of blinking
 n - a scroll of identify {unknown}
 p - 2 scrolls of fog {unknown}
Potions
 f - a potion of curing
 h - 2 potions of magic
 m - a potion of brilliance {unknown}


   Skills:
 - Level 12.0 Fighting
 - Level 10.0 Short Blades
 - Level 1.7 Throwing
 - Level 0.7 Dodging
 + Level 23.1 Stealth
 - Level 10.0 Invocations
 - Level 10.0 Evocations


You had 10 spell levels left.
You didn't know any spells.
Your spell library contained the following spells:

 Spells                   Type           Power      Damage    Failure   Level
 Poisonous Vapours        Pois/Air       0%         N/A       24%         2
 Mephitic Cloud           Conj/Pois/Air  0%         N/A       43%         3
 Freezing Cloud           Conj/Ice/Air   0%         6-21      98%         5


Dungeon Overview and Level Annotations

Branches:
Dungeon (1/1)

Altars:
Cheibriados
Dithmenos
Elyvilon
Gozag
Hepliaklqana
Kikubaaqudgha
Makhleb
Nemelex Xobeh
Okawaru
Qazlal
Ru
Sif Muna
Trog
Uskayaw
Vehumet
Wu Jian
Xom
Yredelemnul
Zin
The Shining One
Jiyva
Lugonu

Shops:
D [:*:(*:[*!:


Innate Abilities, Weirdness & Mutations

You have razor-sharp teeth.
Your natural rate of healing is unusually fast.
When hurt, damage is shared between your health and your magic reserves.
Your bite disrupts and absorbs the magic of your enemies.
Potions cannot restore your health.


Message History

Aiming: Shadow Step
Press: ? - help, Dir - move target, f - demonic crawler
Aim: a demonic crawler (asleep, umbra)
Something blocks your shadow step.
Unknown command.
Okay, then.
Aiming: Shadow Step
Press: ? - help, Dir - move target, f/p - demonic crawler
Aim: a demonic crawler (asleep, umbra)
You step into the demonic crawler's shadow.
Unknown command.
The helpless demonic crawler fails to defend itself.
You perforate the demonic crawler like a sieve!!!!!
You freeze the demonic crawler!
You kill the demonic crawler!
Dithmenos accepts your kill.
The helpless hornet fails to defend itself.
You perforate the hornet like a sieve!!!!!
You freeze the hornet!
You kill the hornet!
Dithmenos accepts your kill.
Your Stealth skill increases to level 23!
There is an entrance to Hyrruc's Book Boutique here.
Deactivating autopickup; reactivate with Ctrl-A.
You hit something but do no damage. Something hits you! Something hits you.
You feel dopey. Something stings you.
Okay, then.
You feel yourself speed up. Something hits you! x2
You feel weakened. Something stings you!
* * * LOW HITPOINT WARNING * * *
You feel dopey.
Unknown command.
You hit something. You freeze something. Something hits you!
* * * LOW HITPOINT WARNING * * *
Something hits you.
* * * LOW HITPOINT WARNING * * *
Something stings you!
You die...

#......♣.....#...#
#.....♣..♣..######
##'####'######.)'.
#..#....'.......#♣
#..#.|###.......#.
##################
#.................
#∩†..*............
#@†..........)....
#∩{...............
###########+######


You could see a ballistomycete spore (dormant).

Vanquished Creatures
  Agnes (D)
  A spriggan defender (D)
  2 demonic crawlers (D)
  A spriggan berserker (D)
  A spriggan druid (D)
  6 oklob plants (D)
  3 burning bushes (D)
  A queen bee (D)
  3 wandering mushrooms (D)
  3 hornets (D)
  3 scorpions (D)
  4 killer bees (D)
  5 oklob saplings (D)
  7 spriggans (D)
  A river rat (D)
  A rat (D)
  A ballistomycete spore (D)
44 creatures vanquished.

Notes
Turn   | Place    | Note
-------+----------+-------------------------------------------
     0 | D        | Midn8 the Vine Stalker Brigand began the quest for the Orb.
     0 | D        | Reached XP level 1. HP: 11/11 MP: 2/2
    13 | D        | Reached XP level 2. HP: 6/15 MP: 1/3
    14 | D        | Reached skill level 1 in Evocations
    58 | D        | Noticed an oklob sapling
    64 | D        | Killed an oklob sapling
    65 | D        | Reached XP level 3. HP: 18/18 MP: 4/4
    66 | D        | Noticed a scorpion
    66 | D        | Found the amulet of invisibility {+Inv}
    68 | D        | Killed a scorpion
    69 | D        | Reached skill level 6 in Stealth
    69 | D        | Gained mutation: Your natural rate of healing is unusually
                  | fast. [Vine Stalker growth]
    69 | D        | Reached XP level 4. HP: 23/23 MP: 5/5
    92 | D        | Found an opulent altar of Gozag.
    92 | D        | Found a hazy altar of Hepliaklqana.
    92 | D        | Found a burning altar of Makhleb.
    92 | D        | Found a sparkling altar of Nemelex Xobeh.
    92 | D        | Found a snail-covered altar of Cheibriados.
    92 | D        | Found a sacrificial altar of Ru.
    92 | D        | Found a shimmering blue altar of Sif Muna.
    92 | D        | Found a shimmering altar of Xom.
    92 | D        | Found a basalt altar of Yredelemnul.
    93 | D        | Found a viscous altar of Jiyva.
    93 | D        | Found a bloodstained altar of Trog.
    93 | D        | Found an ornate altar of the Wu Jian Council.
    93 | D        | Noticed an oklob sapling priest
    94 | D        | Found an iron altar of Okawaru.
    94 | D        | Found a shadowy altar of Dithmenos.
    94 | D        | Found a glowing silver altar of Zin.
    95 | D        | Found an ancient bone altar of Kikubaaqudgha.
    95 | D        | Found a hide-covered altar of Uskayaw.
    96 | D        | Found a stormy altar of Qazlal.
    96 | D        | Found a white marble altar of Elyvilon.
    96 | D        | Found a glowing golden altar of the Shining One.
    97 | D        | Found a corrupted altar of Lugonu.
    97 | D        | Found a radiant altar of Vehumet.
   100 | D        | Killed an oklob sapling priest
   101 | D        | Reached skill level 8 in Stealth
   101 | D        | Reached XP level 5. HP: 26/26 MP: 6/6
   115 | D        | Became a worshipper of Dithmenos the Shadowed
   177 | D        | Noticed a queen bee
   182 | D        | Killed a queen bee
   183 | D        | Reached skill level 10 in Stealth
   183 | D        | Reached skill level 11 in Stealth
   183 | D        | Reached XP level 6. HP: 33/33 MP: 7/7
   183 | D        | Reached * piety under Dithmenos
   184 | D        | Reached skill level 12 in Stealth
   184 | D        | Reached XP level 7. HP: 37/37 MP: 8/8
   187 | D        | Reached ** piety under Dithmenos
   204 | D        | Noticed a burning bush
   208 | D        | Killed a burning bush
   209 | D        | Reached skill level 10 in Evocations
   209 | D        | Reached skill level 14 in Stealth
   307 | D        | Gained mutation: You have razor-sharp teeth. [Vine Stalker
                  | growth]
   307 | D        | Reached XP level 8. HP: 42/42 MP: 9/9
   310 | D        | Reached *** piety under Dithmenos
   363 | D        | Found Mesasos's Antique Weapon Shop.
   363 | D        | Found Pueboih's Book Emporium.
   367 | D        | Noticed a burning bush
   367 | D        | Noticed a wandering mushroom
   368 | D        | Noticed a wandering mushroom
   370 | D        | Killed a wandering mushroom
   372 | D        | Killed a burning bush
   373 | D        | Reached skill level 10 in Short Blades
   373 | D        | Reached **** piety under Dithmenos
   375 | D        | Killed a wandering mushroom
   376 | D        | Reached skill level 15 in Stealth
   383 | D        | Bought a glowing dagger for 95 gold pieces
   424 | D        | Noticed an oklob plant
   427 | D        | Killed an oklob plant
   428 | D        | Reached skill level 16 in Stealth
   428 | D        | Reached skill level 5 in Invocations
   428 | D        | Reached XP level 9. HP: 45/45 MP: 9/14
   464 | D        | Noticed a burning bush
   464 | D        | Noticed an oklob plant
   465 | D        | Noticed a wandering mushroom
   466 | D        | Killed a burning bush
   467 | D        | Reached skill level 5 in Fighting
   471 | D        | Killed an oklob plant
   474 | D        | Killed a wandering mushroom
   475 | D        | Reached ***** piety under Dithmenos
   477 | D        | Identified the +6 orcbow of Drought {freeze, rC+ Int+2
                  | Dex+4}
   560 | D        | Noticed a spriggan druid
   561 | D        | Killed a spriggan druid
   562 | D        | Reached skill level 18 in Stealth
   562 | D        | Reached XP level 10. HP: 56/56 MP: 15/15
   597 | D        | Noticed an oklob plant conjurer
   599 | D        | Killed an oklob plant conjurer
   677 | D        | Noticed Agnes
   679 | D        | Found Huasaf's Assorted Antiques.
   679 | D        | Noticed a spriggan berserker
   681 | D        | Found Vonoah's Book Shoppe.
   683 | D        | Killed Agnes
   684 | D        | Reached skill level 10 in Invocations
   688 | D        | Killed a spriggan berserker
   689 | D        | Reached skill level 19 in Stealth
   694 | D        | Noticed a spriggan defender
   697 | D        | Killed a spriggan defender
   698 | D        | Reached skill level 20 in Stealth
   707 | D        | Bought a pair of gloves for 117 gold pieces
   733 | D        | Noticed an oklob plant
   733 | D        | Noticed an oklob plant summoner
   734 | D        | Noticed an oklob plant shifter
   735 | D        | Killed an oklob plant
   736 | D        | Reached skill level 10 in Fighting
   736 | D        | Reached XP level 11. HP: 60/64 MP: 14/19
   737 | D        | Killed an oklob plant summoner
   739 | D        | Killed an oklob plant shifter
   818 | D        | Found Jidig Tudd's Assorted Antiques.
   818 | D        | Found Loshiv's Armour Shoppe.
   918 | D        | Noticed a demonic crawler
   929 | D        | Killed a demonic crawler
   988 | D        | Noticed a spriggan rider
   989 | D        | Found Ujevack's Distillery.
   989 | D        | Found Vululaaf's Book Shoppe.
   990 | D        | Killed a spriggan rider
   991 | D        | Reached skill level 21 in Stealth
  1021 | D        | Identified the +8 short sword of Weless {freeze, Str+3}
  1085 | D        | Noticed a spriggan rider
  1088 | D        | Killed a spriggan rider
  1088 | D        | Reached ****** piety under Dithmenos
  1089 | D        | Reached skill level 22 in Stealth
  1146 | D        | Noticed a demonic crawler
  1147 | D        | Found Irphutimu's General Store.
  1147 | D        | Found Hyrruc's Book Boutique.
  1147 | D        | Found Fehuc's Armour Shoppe.
  1150 | D        | Killed a demonic crawler
  1152 | D        | Reached skill level 23 in Stealth
  1155 | D        | HP: 2/66 [something (2)]
  1155 | D        | Mangled by a ghost moth

Illustrated notes

Levels and vault maps discovered:
D:        dungeon_sprint_fedhas [sprint_temple]

Skill      XL: |  1  2  3  4  5  6  7  8  9 10 11 |
---------------+----------------------------------+-----
Short Blades   | 4 6 10 | 10.0
Evocations     | 4 6 7 8 10 | 10.0
Stealth        | 6 8 11 12 14 16 18 20 23 | 23.1
Fighting       | 4 8 10 12 | 12.0
Invocations    | 5 6 10 | 10.0
Throwing       | |  1.7
Dodging        | |  0.7

Action                     |  1- 3 |  4- 6 |  7- 9 | 10-12 || total
---------------------------+-------+-------+-------+-------++-------
  Melee: Dagger            |    12 |     4 |    31 |    20 ||    67
         Bite              |     4 |       |     5 |     4 ||    13
         Punch             |       |       |     1 |       ||     1
         Short sword       |       |       |       |     6 ||     6
  Throw: Dart              |     4 |       |     1 |       ||     5
 Invoke: Shadow Step       |       |       |       |     7 ||     7
Ability: Evoke Invisibilit |       |     3 |     8 |     9 ||    20
    Use: Potion            |       |       |       |     2 ||     2
   Stab: Sleeping          |     1 |     4 |    14 |    15 ||    34
         Invisible         |       |       |     2 |       ||     2
 Armour: Robe              |     1 |       |       |     3 ||     4
  Dodge: Dodged            |       |       |     6 |     6 ||    12

Table legend: (Time is in decaauts)
 A = Elapsed time spent in this place.
 B = Non-inter-level travel time spent in this place.
 C = Inter-level travel time spent in this place.
 D = Time resting spent in this place.
 E = Time spent auto-exploring this place.
 F = Levels seen in this place.
 G = Mean time per level.
                   A        B        C        D        E       F      G
               +--------+--------+--------+--------+--------+-----+--------+
         Total |   1133 |   1005 |    128 |    485 |      0 |   1 | 1133.0 |
       Dungeon |   1133 |   1005 |    128 |    485 |      0 |   1 | 1133.0 |
               +--------+--------+--------+--------+--------+-----+--------+

Top non-repeatable levels by time:
       D: 1133 daAuts
